 Dungeon Crawl Stone Soup version 0.27.1-2-g3b301248ec (webtiles) character file.

Game seed: 8267227174368409744

70 jfcaron the Insei (level 4, -1/33 HPs)
             Began as a Djinni Transmuter on Sept 26, 2021.
             Splashed by a jelly's acid (7 damage)
             ... on level 2 of the Dungeon.
             The game lasted 00:08:39 (2679 turns).

jfcaron the Insei (Djinni Transmuter)               Turns: 2679, Time: 00:08:40

Health: -1/33      AC: -1    Str:  9    XL:     4   Next: 45%
Gold:   19         EV: 13    Int: 18    God:
                   SH:  0    Dex: 15

rFire    + + .     SeeInvis .     - Unarmed
rCold    x . .     Faith    .   (no shield)
rNeg     . . .     Spirit   .   a - +0 robe
rPois    ∞         Reflect  .   b - +0 helmet
rElec    .         Harm     .   (no cloak)
rCorr    .         Rampage  .   (no gloves)
Will     .....                  (boots unavailable)
Stlth    ++........             (no amulet)
HPRegen  0.11/turn              (no ring)
MPRegen  0.00/turn              (no ring)

@: corroded, flying
A: sickness immunity, fire resistance 2, cold vulnerability 1, float, innate
caster, hp casting, extra vitality 1, thin skeletal structure 1, clever 1
a: no special abilities


You were on level 2 of the Dungeon.
You visited 1 branch of the dungeon, and saw 3 of its levels.

You collected 65 gold pieces.
You spent 46 gold pieces at shops.

Inventory:

Missiles
 g - 35 sling bullets
 h - 11 poisoned darts
 j - 20 stones
Armour
 a - a +0 robe (worn)
 b - a +0 helmet (worn)
Magical Staves
 p - a staff of conjuration
Scrolls
 c - a scroll of torment
 f - a scroll of amnesia {unknown}
 k - a scroll of identify
 l - a scroll of immolation {unknown}
Potions
 n - a potion of berserk rage {unknown}
 o - a potion of cancellation {unknown}


   Skills:
 + Level 2.0 Fighting
 - Level 3.0 Dodging
 + Level 3.5 Unarmed Combat
 + Level 2.1 Spellcasting


You couldn't memorise any spells.
You knew the following spells:

 Your Spells              Type           Power      Damage    Failure   Level
a - Beastly Appendage     Tmut           18%        N/A       8%          1
b - Wereblood             Tmut           9%         N/A       11%         2
c - Spider Form           Tmut/Pois      4%         N/A       22%         3
d - Ice Form              Ice/Tmut       9%         N/A       58%         4
e - Sting                 Tmut/Pois      36%        1d4       8%          1
Your spell library was empty.

Dungeon Overview and Level Annotations

Branches:
Dungeon (3/15)

Altars:

Shops:
D:1 (   D:2 **([(

Annotations:
D:1 Come back for gold past fire clouds


Innate Abilities, Weirdness & Mutations

You are immune to sickness and miasma.
You are immune to poison.
Your flesh is very heat resistant. (rF++)
You are vulnerable to cold. (rC-)
You float through the air rather than walking.
You learn spells naturally, not from books.
Your magical power is your life essence.
You have superior vitality. (+4 HP)
You have a somewhat thin skeletal structure. (Dex +2, Stealth+)
Your mind is acute. (Int +2)


Message History

You completely miss the giant cockroach.
The giant cockroach is severely wounded.
The jelly hits you but does no damage.
The hobgoblin hits you but does no damage.
The giant cockroach bites you.
You barely miss the giant cockroach.
The giant cockroach is severely wounded.
The jelly barely misses you.
The giant cockroach bites you but does no damage.
The hobgoblin hits you.
* * * LOW HITPOINT WARNING * * *
You closely miss the giant cockroach.
The giant cockroach is severely wounded.
The giant cockroach bites you.
* * * LOW HITPOINT WARNING * * *
The jelly misses you.
The hobgoblin hits you but does no damage.
You closely miss the giant cockroach.
The giant cockroach is severely wounded.
The giant cockroach barely misses you. The jelly barely misses you.
The hobgoblin closely misses you.
Unknown command.
You closely miss the giant cockroach.
The giant cockroach is severely wounded.
The giant cockroach waves its antennae.
The giant cockroach barely misses you. The jelly hits you but does no damage.
The hobgoblin closely misses you.
You hit the giant cockroach but do no damage.
The giant cockroach is severely wounded.
The giant cockroach bites you.
* * * LOW HITPOINT WARNING * * *
The jelly misses you.
The hobgoblin hits you but does no damage.
The giant cockroach misses you.
You hit the giant cockroach.
You kill the giant cockroach!
The jelly hits you.
* * * LOW HITPOINT WARNING * * *
The acid corrodes you!
You are splashed with acid!
You die...

#.# #.###.....##..######.###
#<# #.# #................#
#.###.# #....###..########
#.....# #.........# #######
##..#####.# #........#
##[####### #†# ######
#@######### #....#
#Jg.÷.....# #.##.#
#[#######.# #.##.# #.# #.####
###.##.# #.# #####....#
####....#.# ##.###......#.#
........#.#####...##.###....#
####.#...............###.#[##
# ##.#.##.#####..........#.#


You could see a jelly and a hobgoblin.

Vanquished Creatures
  Jessica (D:2)
  An adder (D:2)
  3 orcs (D:2)
  An endoplasm (D:1)
  3 giant cockroaches
  2 goblins
  A hobgoblin (D:2)
  3 jackals (D:2)
  7 ball pythons
  4 bats
  2 frilled lizards
  3 kobolds (D:1)
  3 rats
34 creatures vanquished.

Notes
Turn   | Place    | Note
-------+----------+-------------------------------------------
     0 | D:1      | jfcaron the Djinni Transmuter began the quest for the Orb.
     0 | D:1      | Reached XP level 1. HP: 17/17 MP: 0/0
   307 | D:1      | Reached XP level 2. HP: 21/22 MP: 0/0
   529 | D:1      | Found Adux's Antique Weapon Emporium.
   571 | D:1      | Found a faded altar of an unknown god.
  1031 | D:2      | Found Vaogiokh's Weapon Emporium.
  1098 | D:2      | Found Teep's Antique Armour Boutique.
  1133 | D:2      | Reached XP level 3. HP: 24/27 MP: 0/0
  1133 | D:2      | Learned a level 1 spell: Sting
  1318 | D:2      | Found Witeonn's Weapon Boutique.
  1355 | D:2      | Found Muehysel's Assorted Antiques.
  1360 | D:2      | Bought a fizzy purple potion for 23 gold pieces
  1360 | D:2      | Bought an amethyst potion for 23 gold pieces
  1685 | D:2      | HP: 5/27 [adder (2)]
  1686 | D:2      | HP: 1/27 [adder (4)]
  1698 | D:2      | HP: 1/28 [constriction (1)]
  1699 | D:2      | Gained mutation: Your mind is acute. (Int +2) [potion of
                  | mutation]
  1699 | D:2      | Gained mutation: You have a somewhat thin skeletal
                  | structure. (Dex +2, Stealth+) [potion of mutation]
  1941 | D:2      | Found Nosijubb's Assorted Antiques.
  2176 | D:3      | Noticed Jessica
  2187 | D:2      | Killed Jessica
  2188 | D:2      | Reached XP level 4. HP: 22/33 MP: 0/0
  2679 | D:2      | HP: 6/33 [jelly (1)]
  2679 | D:2      | Splashed by a jelly's acid

Illustrated notes

Levels and vault maps discovered:
D:1:      minmay_arrival_diagonal_passages, layout_rooms,
          shapermc_ecumenical_altar_starsandcircs, serial_corexii_hall,
          corexii_hall_statues_l, corexii_hall_statues_i,
          corexii_hall_statues_x, serial_shops, nicolae_shop_statue_plus,
          lemuel_flame_loot_1
D:2:      layout_loops_corners, serial_shops, nicolae_shop_waterfront,
          shop_statue, nicolae_shop_waterfront, shop, shop_fountains,
          hangedman_decor_diamond_cutter
D:3:      layout_loops_ring, overflow_temple_1_default, lemuel_doored_altar,
          kennysheep_generic_room_3, uniq_jessica, uniq_natasha, uniq_grinder

Skill      XL: |  1  2  3 |
---------------+----------+-----
Spellcasting   | 2 |  2.1
Fighting       | 2 |  2.0
Dodging        | 3 |  3.0
Unarmed Combat | |  3.5

Action                   |  1- 3 |  4- 6 || total
-------------------------+-------+-------++-------
Melee: Unarmed           |    89 |    19 ||   108
       Headbutt          |     7 |     2 ||     9
       Punch             |     2 |     1 ||     3
Throw: Dart              |     3 |     2 ||     5
 Cast: Beastly Appendage |    18 |       ||    18
       Sting             |     1 |     5 ||     6
  Use: Potion            |     5 |       ||     5
       Scroll            |       |     1 ||     1
 Stab: Sleeping          |     2 |       ||     2
Armor: Robe              |    19 |    12 ||    31
Dodge: Dodged            |    71 |    36 ||   107
